AoeStats
← 17_Neo_

Arena

508787788Analyzed
4v4 RM · 8d ago on Sep 24, 2026· 56m 16s· 8 players
Game mode
Random Map
Map size
Large (8 player)
Population
200
Speed
Normal
Resources
Standard
Victory
Conquest
Starting age
Dark Age
Ending age
Imperial Age
RankedLock teamsTeams togetherTeam positionsShared explorationLock speedFull tech treeHidden civsTurbo modeCheats
Victory
Defeat
🇲🇽 Varangians · Mexico
1385
+14
🇲🇽 Mongols · Mexico
1359
+15
🇦🇷 Bengalis · Argentina
1348
+15
🇹🇼 Danes · Taiwan
1272
+20
🇨🇴 Byzantines · Colombia
1378
-18
🇨🇴 Teutons · Colombia
1368
-17
🇨🇴 Bohemians · Colombia
1331
-16
🇨🇴 Celts · Colombia
1264
-13
17_Neo_
10:53 Feudal Age
12:13 Wheelbarrow
14:49 Castle Age
14:47 Double-Bit Axe
14:43 Horse Collar
14:54 Gold Mining
15:52 Hand Cart
22:49 Bow Saw
28:59 Imperial Age
26:38 Loom
27:30 Gold Shaft Mining
26:45 Stone Mining
27:49 Forging
27:45 Scale Barding Armor
27:53 Heavy Plow
29:20 Iron Casting
29:40 Chain Barding Armor
29:17 Elite Cataphract
30:20 Conscription
31:02 Logistica
32:08 Chemistry
31:28 Ballistics
32:05 Plate Barding Armor
31:45 Fletching
31:56 Padded Archer Armor
31:22 Elite Skirmisher
32:13 Arrowslits
33:13 Bodkin Arrow
33:19 Arrowslits
34:20 Bracer
35:24 Leather Archer Armor
35:11 Scale Mail Armor
37:12 Ring Archer Armor
36:59 Chain Mail Armor
36:20 Capped Ram
38:33 Coinage
38:09 Siege Ram
44:00 Fortified Wall
46:52 Banking
48:06 Squires
47:27 Pikeman
48:29 Halberdier
51:02 Plate Mail Armor
Mhao
10:46 Feudal Age
16:45 Castle Age
14:31 Loom
15:12 Double-Bit Axe
15:22 Horse Collar
15:44 Stone Mining
16:18 Gold Mining
17:35 Heavy Plow
18:32 Bow Saw
20:31 Gold Shaft Mining
24:58 Wheelbarrow
28:59 Scale Mail Armor
30:35 Town Watch
31:34 Chain Mail Armor
32:27 Hand Cart
32:48 Forging
34:10 Town Patrol
34:50 Iron Casting
35:40 Stone Shaft Mining
35:42 Fortified Wall
35:29 Murder Holes
38:32 Imperial Age
37:05 Fletching
37:16 Padded Archer Armor
37:51 Ballistics
37:45 Elite Skirmisher
39:12 Bodkin Arrow
41:30 Conscription
41:53 Leather Archer Armor
41:16 Light Cavalry
43:15 Cavalier
49:24 Husbandry
48:45 Hussar
Logan
11:20 Feudal Age
13:26 Wheelbarrow
15:38 Castle Age
14:01 Double-Bit Axe
16:49 Horse Collar
38:03 Imperial Age
35:21 Loom
35:50 Bow Saw
38:13 Wagenburg Tactics
43:10 Elite Hussite Wagon
RAGNAROK
13:13 Feudal Age
14:30 Wheelbarrow
17:51 Castle Age
17:29 Double-Bit Axe
17:26 Horse Collar
19:49 Scale Barding Armor
22:21 Bloodlines
33:03 Imperial Age
30:24 Loom
30:55 Hand Cart
31:05 Heavy Plow
31:17 Bow Saw
31:46 Fortified Wall
32:11 Padded Archer Armor
43:35 Cavalier
47:38 Chain Barding Armor
47:29 Forging
50:38 Crop Rotation
50:59 Iron Casting
52:36 Plate Barding Armor
54:21 Two-Man Saw
53:10 Pikeman
53:50 Squires
54:10 Scale Mail Armor
55:11 Blast Furnace
55:03 Halberdier
56:29 Chain Mail Armor
Sastre ᴿˢ-
10:00 Feudal Age
14:03 Castle Age
12:48 Double-Bit Axe
17:19 Horse Collar
19:36 Wheelbarrow
21:26 Stone Mining
21:44 Loom
22:41 Stone Shaft Mining
24:28 Fletching
26:26 Bodkin Arrow
26:53 Ballistics
26:36 Gold Mining
27:01 Padded Archer Armor
28:54 Gold Shaft Mining
37:16 Imperial Age
35:05 Hand Cart
35:41 Leather Archer Armor
35:33 Town Watch
37:50 Bow Saw
37:44 Husbandry
37:20 Onager
38:21 Drill
38:06 Bracer
39:27 Chemistry
39:18 Siege Engineers
39:27 Bloodlines
39:57 Conscription
40:32 Murder Holes
40:43 Scale Barding Armor
41:10 Siege Onager
42:24 Town Patrol
42:44 Elite Mangudai
45:14 Heavy Plow
45:26 Fortified Wall
49:18 Hoardings
48:53 Heavy Scorpion
Avatar Tako
8:34 Loom
10:34 Feudal Age
12:06 Double-Bit Axe
14:48 Castle Age
14:13 Gold Mining
15:42 Bow Saw
19:53 Horse Collar
21:00 Heavy Plow
21:15 Fletching
23:12 Wheelbarrow
23:59 Bodkin Arrow
24:15 Town Watch
24:54 Stone Mining
24:56 Gold Mining
26:33 Hand Cart
26:24 Padded Archer Armor
28:16 Stone Shaft Mining
28:34 Bloodlines
28:24 Husbandry
31:20 Coinage
31:27 Squires
30:48 Pikeman
31:30 Scale Mail Armor
31:40 Forging
35:03 Imperial Age
32:43 Heated Shot
33:15 Ballistics
32:36 Treadmill Crane
32:52 Murder Holes
34:41 Scale Barding Armor
35:11 Iron Casting
34:52 Leather Archer Armor
36:40 Banking
36:24 Guilds
35:39 Cavalier
36:40 Chain Barding Armor
36:41 Masonry
37:33 Chemistry
36:39 Siege Engineers
35:59 Cranequins
36:53 Vendel Legacy
37:53 Conscription
38:09 Fortified Wall
38:16 Siege Engineers
39:12 Chemistry
39:58 Plate Barding Armor
40:24 Blast Furnace
48:43 Light Cavalry
53:32 Hussar
Skavio22
11:07 Feudal Age
14:39 Castle Age
12:46 Double-Bit Axe
12:42 Horse Collar
15:38 Bow Saw
16:40 Loom
21:14 Horse Collar
24:05 Bloodlines
23:56 Husbandry
25:17 Redemption
36:40 Heavy Plow
40:16 Wheelbarrow
40:07 Town Watch
41:16 Caravan
41:50 Hand Cart
41:52 Town Patrol
42:36 Gold Mining
42:37 Stone Mining
45:57 Imperial Age
44:16 Scale Barding Armor
44:22 Forging
45:40 Chain Barding Armor
46:13 Paiks
47:02 Conscription
46:17 Elite Battle Elephant
49:17 Plate Barding Armor
49:30 Iron Casting
50:39 Siege Elephant
51:05 Light Cavalry
55:48 Blast Furnace
SwallowXII
11:21 Feudal Age
12:09 Double-Bit Axe
12:26 Horse Collar
15:00 Castle Age
16:22 Bow Saw
21:20 Wheelbarrow
22:32 Hand Cart
22:55 Loom
27:43 Imperial Age
25:26 Squires
25:12 Gambesons
25:32 Scale Mail Armor
25:42 Forging
25:32 Gold Mining
25:38 Stone Mining
26:46 Chain Mail Armor
27:45 Iron Casting
27:46 Capped Ram
29:00 Plate Mail Armor
28:55 Fletching
30:30 Blast Furnace
31:30 Bodkin Arrow
31:03 Siege Ram
32:30 Heavy Plow
33:14 Coinage
33:18 Bracer
34:15 Caravan
37:28 Stone Shaft Mining
37:29 Gold Shaft Mining
38:06 Banking
37:55 Elite Varangian Guard
38:59 Arson
42:02 Hamask
44:02 Conscription
44:52 Pikeman
45:42 Halberdier
51:16 Onager
51:39 Northmen's Fury
53:04 Siege Onager
55:58 Padded Archer Armor
56:03 Scale Barding Armor
Connection lost

Rejoining the realm…

Still unreachable

The connection could not be restored.

Session expired

The server has moved on; the page needs a fresh start.